Map: Dash and Terminal LE (Void)

Players

qxc - Winner!

  • Race: Terran Terran
  • League: Master

True

  • Race: Zerg Zerg
  • League: Grandmaster

Event: Lycan League Weekly August #2

VOD

Have the link to the VOD?

Description

Time

  • Played on: Aug. 10, 2015, 1:40 p.m.
  • Length: 12:11

All games in this series

Show
View Real Time Build Order
Export as new Build Order

qxc Terran - Winner!

Build Orders: Liberator Opening, Reaper Expand, Hellion Banshee 

Get SALT Encoding   

  12  0:01  SCV  
  13  0:13  SCV  
  14  0:18  Supply Depot  
  14  0:25  SCV  
  15  0:33  Refinery  
  15  0:40  SCV  
  16  0:45  Barracks  
  16  0:52  SCV  
  17  1:04  SCV  
  18  1:16  SCV  
  19  1:32  Orbital Command  
  19  1:33  Reaper  
  20  1:44  Command Center  
  20  1:56  Factory  
  20  1:59  SCV  
  21  2:10  Supply Depot  
  21  2:11  Barracks Reactor  
  21  2:12  SCV  
  22  2:22  Refinery  
  22  2:24  SCV  
  23  2:37  SCV  
  24  2:47  Starport  
  24  2:50  Hellion x2  
  24  2:51  SCV  
  29  2:53  Marine  
  30  3:00  Orbital Command  
  30  3:03  SCV  
  31  3:06  Liberator  
  31  3:12  Hellion x2  
  35  3:18  SCV  
  39  3:30  SCV x2  
  41  3:36  Supply Depot  
  41  3:37  Hellion  
  41  3:40  Hellion  
  45  3:48  SCV  
  45  3:49  Armory  
  46  3:57  SCV  
  46  3:58  Supply Depot, Barracks Tech Lab  
  46  4:00  SCV  
  46  4:01  Hellion  
  50  4:05  Hellion  
  50  4:08  Starport Tech Lab  
  50  4:09  SCV  
  53  4:12  SCV  
  54  4:17  Supply Depot  
  54  4:21  Banshee  
  54  4:22  SCV  
  58  4:29  SCV  
  59  4:35  SCV  
  59  4:38  Hellion  
  62  4:39  Hellion  
  62  4:41  SCV  
  63  4:47  SCV  
  62  4:53  SCV  
  62  4:59  SCV, Hellion  
  64  5:01  Hellion  
  64  5:08  Command Center  
  64  5:11  SCV  
  62  5:14  Banshee  
  62  5:18  SCV  
  63  5:23  SCV  
  61  5:30  SCV  
  61  5:32  Hellion  
  63  5:45  SCV x2  
  60  5:53  Hellion  
  62  6:01  Hellion  
  54  6:18  Supply Depot  
  54  6:20  Supply Depot  
  54  6:23  SCV x2, Hellion x2  
  60  6:35  SCV x2  
  60  6:39  Banshee  
  62  6:45  Hellion x2  
  65  6:47  SCV x2  
  65  6:59  SCV x2  
  67  7:06  Hellion x2  
  71  7:11  SCV x2  
  71  7:12  Orbital Command  
  70  7:22  Banshee  
  70  7:23  SCV x2  
  75  7:31  Factory x3  
  75  7:32  Factory  
  75  7:35  SCV x2  
  75  7:39  Hellion x2  
  79  7:48  SCV x2  
  77  7:56  Refinery  
  77  7:57  Refinery, Orbital Command  
  77  8:00  SCV x2  
  77  8:04  Terran Vehicle Weapons Level 1  
  77  8:07  Armory  
  77  8:09  Hellion x2  
  77  8:10  Viking  
  77  8:12  SCV x2  
  85  8:15  Supply Depot  
  81  8:24  SCV x2  
  81  8:33  Hellion x2  
  85  8:34  Factory Tech Lab x2  
  85  8:35  Factory Tech Lab, Factory Reactor  
  85  8:36  SCV x2  
  85  8:41  SCV  
  88  8:48  SCV x2  
  90  8:53  SCV  
  91  8:55  Terran Vehicle And Ship Armor Level 1  
  91  8:57  Siege Tank  
  91  8:58  Siege Tank x2  
  91  8:59  Starport Reactor  
  91  9:00  Engineering Bay  
  101  9:07  Supply Depot x3  
  101  9:09  Hellion x2, Refinery  
  104  9:10  Supply Depot  
  104  9:11  Refinery  
  104  9:14  Hellion x2  
  108  9:23  Command Center  
  108  9:32  Cyclone x3  
  108  9:33  Hellion x2  
  108  9:35  Hellion  
  123  9:42  Hellion  
  125  9:46  Medivac  
  125  9:47  Medivac  
  129  9:54  Hellion  
  131  10:01  Hellion x2  
  131  10:04  Cyclone  
  135  10:09  Liberator x2  
  135  10:20  Cyclone x2  
  131  10:21  Hellion x2  
  135  10:38  Cyclone  
  135  10:39  Hellion x2  
  139  10:43  Unknown  
  139  10:47  Supply Depot  
  139  10:48  Command Center  
  139  10:57  Fusion Core  
  139  10:59  Hellion  
  139  11:00  Hellion x2  
  139  11:14  Cyclone x2  
  139  11:15  Hellion x2  
  149  11:21  Hellion  
  149  11:25  Planetary Fortress  
  147  11:29  SCV x2  
  147  11:30  SCV  
  150  11:35  Hellion x2  
  150  11:36  Hellion  
  156  11:41  SCV x2, Refinery  
  156  11:42  Refinery  
  156  11:43  Hellion  
  156  11:44  Hellion  
  156  11:45  SCV  
  163  11:56  SCV  
  170  12:01  Command Center  
Show
View Real Time Build Order
Export as new Build Order

True Zerg 

Build Orders: Pool First 

Get SALT Encoding   

  12  0:01  Drone  
  13  0:12  Overlord  
  13  0:16  Drone  
  14  0:31  Drone  
  15  0:38  Spawning Pool  
  15  0:41  Drone  
  15  0:44  Drone  
  16  0:52  Extractor  
  15  1:10  Hatchery  
  14  1:13  Drone  
  15  1:24  Queen  
  17  1:29  Zergling x2  
  18  1:35  Drone  
  18  1:38  Drone  
  20  1:46  Overlord  
  20  1:53  Metabolic Boost  
  20  2:05  Queen  
  22  2:11  Drone x2  
  24  2:16  Drone  
  25  2:23  Queen  
  27  2:36  Overlord  
  27  2:38  Drone x2  
  27  2:41  Drone  
  30  2:44  Drone  
  30  2:46  Drone  
  30  2:50  Drone  
  33  2:52  Drone  
  33  2:57  Drone  
  36  2:58  Drone  
  36  3:09  Drone x2  
  38  3:13  Roach Warren  
  37  3:20  Overlord  
  37  3:21  Drone x2  
  37  3:23  Drone  
  37  3:25  Drone  
  40  3:37  Overlord x2  
  40  3:41  Zergling x8  
  41  3:42  Zergling x2  
  45  3:51  Overlord  
  45  4:00  Hatchery  
  45  4:01  Roach  
  45  4:02  Roach  
  48  4:05  Roach  
  48  4:07  Roach  
  54  4:10  Roach  
  54  4:21  Drone x3  
  54  4:22  Evolution Chamber  
  54  4:23  Ravager x2  
  58  4:26  Roach x2  
  58  4:28  Roach  
  57  4:53  Drone  
  57  4:54  Drone x9  
  67  5:02  Overlord  
  67  5:03  Queen  
  67  5:04  Extractor  
  66  5:11  Overlord  
  72  5:14  Roach x2  
  72  5:16  Overlord  
  72  5:26  Roach  
  71  5:32  Roach  
  71  5:35  Roach  
  70  5:38  Roach  
  64  5:51  Queen  
  64  5:58  Ravager  
  58  6:12  Drone x3  
  58  6:16  Queen  
  59  6:20  Queen  
  59  6:21  Drone x3  
  59  6:24  Ravager  
  63  6:26  Overlord  
  63  6:27  Queen  
  65  6:36  Overlord  
  63  6:42  Spore Crawler  
  63  6:45  Spore Crawler, Ravager  
  59  6:47  Ravager  
  59  6:52  Overlord  
  53  6:54  Queen  
  53  6:58  Queen  
  54  7:02  Overlord  
  54  7:07  Overlord  
  45  7:11  Roach  
  45  7:23  Roach x3  
  45  7:29  Roach  
  53  7:30  Queen  
  53  7:36  Drone  
  53  7:37  Drone x2  
  50  7:51  Drone x2  
  50  7:52  Drone  
  50  7:54  Drone  
  50  7:57  Drone  
  51  8:00  Drone  
  51  8:05  Drone  
  51  8:10  Drone x2  
  50  8:13  Drone  
  50  8:17  Drone  
  51  8:22  Drone x2  
  51  8:23  Drone  
  54  8:35  Ravager x4  
  54  8:36  Ravager  
  54  8:37  Drone x2  
  54  8:38  Drone  
  62  8:43  Drone x2  
  62  8:44  Drone  
  65  8:50  Drone x3  
  65  8:53  Drone  
  69  8:57  Drone x2  
  69  8:59  Drone  
  69  9:02  Drone  
  73  9:03  Drone  
  73  9:06  Drone x2  
  73  9:08  Drone  
  77  9:10  Drone  
  77  9:12  Drone  
  77  9:13  Drone  
  77  9:15  Drone  
  77  9:16  Drone  
  83  9:17  Drone  
  83  9:20  Drone  
  83  9:22  Drone x2  
  83  9:23  Drone  
  87  9:24  Drone  
  87  9:28  Overlord  
  83  9:33  Overlord, Queen  
  85  9:41  Overlord  
  85  9:44  Extractor  
  85  9:45  Lair, Evolution Chamber, Extractor  
  83  9:47  Extractor  
  83  9:49  Evolution Chamber, Extractor  
  79  9:53  Drone  
  79  9:54  Drone x4  
  83  10:04  Roach x5  
  83  10:05  Roach x2  
  94  10:07  Overlord  
  70  10:29  Drone x10  
  70  10:30  Drone x2  
  70  10:31  Drone  
  83  10:50  Glial Reconstitution  
  80  11:09  Drone x5  
  79  11:13  Overlord  
  79  11:19  Hatchery, Overlord  
  79  11:24  Ravager x3  
  78  11:29  Drone x2  
  78  11:30  Drone x2  
  78  11:31  Drone x2  
  84  11:33  Drone  
  84  11:34  Drone  
  86  11:45  Overseer  
  86  11:52  Drone x7  
  93  11:56  Drone  

Tags
 
Add a new tag
Caveats
  • Supply blocks, unpowered buildings, or Contaminate may cause inaccurate times.
  • Supply counts are checked every 10 seconds.